 Dungeon Crawl Stone Soup version 0.23-a0-419-g0174fd8 (webtiles) character file.

21396 nethax the Blocker (level 12, -2/113 HPs)
             Began as a Minotaur Fighter on Nov 11, 2018.
             Was the Champion of Makhleb.
             Killed from afar by a raiju (16 damage)
             ... with a living lightning
             ... on level 1 of the Abyss.
             The game lasted 00:57:41 (12352 turns).

nethax the Blocker (Minotaur Fighter)              Turns: 12352, Time: 00:57:42

Health: -2/113     AC: 14    Str: 28    XL:     12   Next: 53%
Magic:  0/18       EV: 10    Int:  7    God:    Makhleb [******]
Gold:   867        SH: 13    Dex: 10    Spells: 11/11 levels left

rFire    + . .     SeeInvis +   a - +5 war axe (freeze)
rCold    . . .     Gourm    .   c - +0 shield
rNeg     . . .     Faith    .   o - +3 ring mail {rF+}
rPois    +         Spirit   +   (helmet restricted)
rElec    .         Reflect  .   (no cloak)
rCorr    .         Harm     .   E - +2 pair of gloves
MR       .....                  (no boots)
Stlth    ..........             N - amulet of guardian spirit
HPRegen  0.28/turn              L - ring "Ciacit" {rPois MP+9 Str+4}
MPRegen  0.16/turn              z - ring of see invisible

@: about to teleport
A: retaliatory headbutt, horns 2, low mp 1
a: Minor Destruction, Lesser Servant of Makhleb, Major Destruction, Greater
Servant of Makhleb, Renounce Religion


You were on level 1 of the Abyss.
You worshipped Makhleb.
Makhleb was exalted by your worship.
You were not hungry.

You visited 2 branches of the dungeon, and saw 14 of its levels.
You visited the Abyss 1 time.
You also visited: Ossuary.

You collected 1520 gold pieces.
You spent 653 gold pieces at shops.

Inventory:

Hand Weapons
 a - a +5 war axe of freezing (weapon)
   (You took it off a wight on level 8 of the Dungeon)
 b - a +2 hunting sling of freezing
   (You found it on level 2 of the Dungeon)
 k - a +0 broad axe
   (You found it on level 2 of the Lair of Beasts)
 S - a +0 broad axe
   (You found it on level 1 of the Abyss)
Missiles
 h - 56 poisoned needles
 v - 7 curare-tipped needles {!f}
 G - 57 sling bullets
 M - a throwing net (quivered) {!f}
Armour
 c - a +0 shield (worn)
 o - a +3 ring mail of fire resistance (worn)
   (You took it off Edmund on level 4 of the Dungeon)
 r - a +2 pair of gloves
   (You found it on level 2 of the Lair of Beasts)
 C - a +1 crystal plate armour
   (You found it on level 3 of the Dungeon)
 D - a +0 scale mail
 E - a +2 pair of gloves (worn)
   (You found it on level 5 of the Dungeon)
 V - a scarf of spirit shield
   (You found it on level 1 of the Abyss)
Jewellery
 l - an uncursed ring of protection from magic
   (You found it on level 8 of the Dungeon)
 n - a +2 ring of intelligence
   (You found it on level 2 of the Dungeon)
 y - the amulet of the Air {Inacc +Fly rElec EV+5 RMsl}
   (You found it on level 5 of the Dungeon)

   [amulet of inaccuracy]

   It reduces the accuracy of all your attacks.
   It affects your evasion (+5).
   It insulates you from electricity.
   It lets you fly.
   It protects you from missiles.
 z - a ring of see invisible (right hand)
   (You found it on level 2 of the Dungeon)
 F - an uncursed ring of resist corrosion
   (You found it on level 7 of the Dungeon)
 H - a +2 ring of dexterity
   (You found it on level 7 of the Dungeon)
 L - the ring "Ciacit" (left hand) {rPois MP+9 Str+4}
   (You bought it in a shop on level 9 of the Dungeon)

   [ring of strength]

   It affects your strength (+4).
   It protects you from poison.
   It affects your magic capacity (+9).
 N - an amulet of guardian spirit (around neck)
   (You found it on level 10 of the Dungeon)
Wands
 t - a wand of flame (8)
   (You found it on level 6 of the Dungeon)
 u - a wand of paralysis (5)
   (You took it off Pikel on level 7 of the Dungeon)
Scrolls
 j - 6 scrolls of remove curse {@r2}
 m - 3 scrolls of fear
 q - 2 scrolls of enchant weapon
 w - 2 scrolls of teleportation {@r4}
 x - 3 scrolls of identify {@r1}
 A - 3 scrolls of blinking {unknown}
 K - a scroll of immolation {!r}
 O - a scroll of summoning
 T - a scroll of acquirement {unknown}
Potions
 d - a potion of might
 f - 3 potions of resistance
 g - 5 potions of lignification {!q}
 i - a potion of brilliance
 p - 3 potions of flight
 s - a potion of mutation {!q}
 B - a potion of magic {unknown}
 I - 3 potions of curing {@q1}
 J - 2 potions of agility
 Q - a potion of ambrosia {unknown}
 R - 2 potions of cancellation {unknown}
Comestibles
 e - 23 rations {!d}


   Skills:
 + Level 12.8 Fighting
 + Level 12.6 Axes
 + Level 12.8 Armour
 + Level 12.8 Shields


You had 11 spell levels left.
You didn't know any spells.
Your spell library contained the following spells:

 Spells                   Type           Power        Failure   Level  Hunger
 Magic Dart               Conj           #...         63%         1    ##.....
 Blink                    Tloc           N/A          77%         2    ###....
 Call Imp                 Summ           #.......     77%         2    ###....
 Slow                     Hex            #.......     77%         2    ###....
 Conjure Flame            Conj/Fire      #.......     94%         3    ####...
 Ignite Poison            Fire/Tmut/Pois #.......     94%         3    ####...
 Mephitic Cloud           Conj/Pois/Air  #.......     94%         3    ####...
 Fireball                 Conj/Fire      #.........   100%        5    ######.
 Bolt of Fire             Conj/Fire      #.........   100%        6    #######
 Ring of Flames           Chrm/Fire      #.........   100%        7    #######
 Ignition                 Fire           #.........   100%        8    #######


Dungeon Overview and Level Annotations

Branches:
Dungeon (10/15)            Temple (0/1) D:4            Lair (4/6) D:8
 Shoals (0/4) Lair:3       Spider (0/4) Lair:3          Orc (0/2) D:9

Altars:
Cheibriados
Dithmenos
Elyvilon
Fedhas
Kikubaaqudgha
Makhleb
Okawaru
Sif Muna
Yredelemnul
Zin

Shops:
D:7 !   D:8 !   D:9 *

Annotations:
Lair:4 Sonja


Innate Abilities, Weirdness & Mutations

You reflexively headbutt those who attack you in melee.
You have a pair of horns on your head.
Your magical capacity is low. (-10% MP)


Message History

You freeze the raiju.
You hit the small abomination but do no damage.
You block the small abomination's attack.
The raiju bursts into living lightning!
The living lightning hits you!
* * * LOW HITPOINT WARNING * * *
The living lightning hits the raiju.
The raiju completely resists.
The raiju blinks!
You slash the raiju! You freeze the raiju.
You closely miss the small abomination. You block the raiju's attack.
You block the small abomination's attack.
You hit the raiju but do no damage. You hit the small abomination.
You freeze the small abomination. You block the raiju's attack.
The small abomination hits you!
* * * LOW HITPOINT WARNING * * *
You closely miss the raiju. Your headbutt misses the raiju.
You barely miss the small abomination. The small abomination hits you!
* * * LOW HITPOINT WARNING * * *
You block the raiju's attack.
You barely miss the raiju. Your headbutt misses the raiju.
You hit the small abomination. You freeze the small abomination.
The small abomination hits you.
* * * LOW HITPOINT WARNING * * *
You block the raiju's attack.
You slash the raiju! You freeze the raiju.
You kill the raiju!
Makhleb accepts your kill.
You feel better.
You slash the small abomination! You freeze the small abomination.
You barely miss the raiju. The small abomination hits you!
* * * LOW HITPOINT WARNING * * *
You block the raiju's attack. You block the raiju's attack.
The small abomination hits you!
* * * LOW HITPOINT WARNING * * *
As you read the scroll of teleportation {@r4}, it crumbles to dust.
You feel strangely unstable.
You feel the power of the Abyss delaying your translocation!
The raiju bursts into living lightning!
The living lightning hits you!
* * * LOW HITPOINT WARNING * * *
The living lightning misses you.
The raiju blinks! x2
The small abomination misses you. You furiously retaliate!
You headbutt the small abomination!
You destroy the small abomination!
Makhleb accepts your kill.
You feel better.
You miss the raiju.
The raiju bursts into living lightning!
The living lightning misses you. The living lightning hits you!
You die...

### #.# .
###h# ...
#..@###.....
###ยง.G.#
###...#
##..... #.#.
.. #


You could see a shining eye and a raiju.

Vanquished Creatures
  A tentacled starspawn (Abyss:1)
  Pikel (D:7)
  A manticore (D:8)
  A black mamba (Lair:2)
  Joseph (D:7)
  A smoke demon (Abyss:1)
  5 spiny frogs
  Psyche (D:8)
  A rime drake (Lair:3)
  4 komodo dragons
  An ancient zyme (Abyss:1)
  A troll (D:9)
  A large abomination (Abyss:1)
  Prince Ribbit (Lair:2)
  3 raiju (Abyss:1)
  7 hippogriffs
  10 blink frogs
  A ynoxinul (Abyss:1)
  A wraith (D:10)
  9 yaks
  3 wyverns
  A hungry ghost (D:9)
  A basilisk (Lair:2)
  Menkaure (D:7)
  A chaos spawn (Abyss:1)
  Edmund (D:4)
  5 water moccasins
  7 porcupines
  A slave (D:7)
  4 orc warriors
  2 ice beasts
  A black bear (D:9)
  2 sky beasts
  3 ogres
  2 phantoms
  6 wolves (Lair:2)
  2 centaurs
  2 small abominations (Abyss:1)
  8 crocodiles
  9 bullfrogs
  3 big kobolds
  A gnoll sergeant (D:7)
  9 scorpions
  A water moccasin skeleton (D:9)
  7 wights (D:8)
  9 killer bees
  5 crimson imps
  A quasit (Abyss:1)
  2 centaur zombies
  A bullfrog zombie (D:9)
  4 jellies
  13 orc priests
  2 bullfrog skeletons
  6 hounds
  4 iguanas
  10 orc wizards
  11 worker ants
  A killer bee zombie (D:5)
  4 big kobold zombies (Ossuary)
  2 hound skeletons (D:8)
  2 mummies (Ossuary)
  A worker ant zombie (D:10)
  4 adders
  6 gnolls
  A howler monkey skeleton (D:6)
  A shadow imp (D:9)
  An ooze (D:7)
  An adder zombie (D:8)
  An adder skeleton (D:4)
  7 worms
  2 dart slugs
  6 leopard geckos
  45 orcs
  12 giant cockroaches
  2 gnoll zombies (Ossuary)
  7 goblins
  7 hobgoblins
  7 jackals
  2 quokkas
  4 ball pythons (D:2)
  4 bats
  8 frilled lizards
  2 goblin zombies (Ossuary)
  3 hobgoblin zombies (Ossuary)
  A jackal skeleton (D:4)
  24 kobolds
  2 orc zombies (Ossuary)
  6 rats
  4 fungi
383 creatures vanquished.

Vanquished Creatures (others)
  4 fungi
  4 plants
  4 starspawn tentacles (Abyss:1)
12 creatures vanquished.

Grand Total: 395 creatures vanquished

Notes
Turn   | Place    | Note
-------+----------+-------------------------------------------
     0 | D:1      | nethax the Minotaur Fighter began the quest for the Orb.
     0 | D:1      | Reached XP level 1. HP: 19/19 MP: 0/0
    49 | D:1      | Reached XP level 2. HP: 10/27 MP: 1/1
   918 | D:2      | Reached XP level 3. HP: 29/33 MP: 2/2
  1195 | D:2      | Found a burning altar of Makhleb.
  1297 | D:2      | Found a blossoming altar of Fedhas.
  1307 | D:2      | Found an ancient bone altar of Kikubaaqudgha.
  1310 | D:2      | Found a basalt altar of Yredelemnul.
  1310 | D:2      | Found a snail-covered altar of Cheibriados.
  1312 | D:2      | Found a white marble altar of Elyvilon.
  1313 | D:2      | Found a glowing silver altar of Zin.
  1370 | D:2      | Became a worshipper of Makhleb the Destroyer
  1683 | D:3      | Reached XP level 4. HP: 40/40 MP: 3/3
  1770 | D:3      | Reached XP level 5. HP: 17/47 MP: 4/4
  2173 | D:3      | Reached * piety under Makhleb
  2309 | D:3      | Found a shadowy altar of Dithmenos.
  2314 | D:3      | Reached skill level 5 in Shields
  2501 | D:3      | Reached skill level 5 in Armour
  2546 | D:4      | Reached skill level 5 in Fighting
  2546 | D:4      | Reached XP level 6. HP: 56/56 MP: 5/5
  2834 | D:4      | Noticed Edmund
  2854 | D:4      | Killed Edmund
  2883 | D:4      | Found an iron altar of Okawaru.
  2947 | D:4      | Found a staircase to the Ecumenical Temple.
  2958 | D:4      | Reached skill level 5 in Axes
  2998 | D:4      | Reached XP level 7. HP: 45/62 MP: 6/6
  3546 | D:5      | Entered Level 5 of the Dungeon
  4123 | D:5      | Found the amulet of the Air {Inacc +Fly rElec EV+5 RMsl}
  4627 | D:6      | Reached ** piety under Makhleb
  4641 | D:6      | Reached XP level 8. HP: 27/71 MP: 7/7
  4809 | D:6      | Found a sand-covered staircase.
  4815 | Ossuary  | Entered an ossuary
  5011 | D:6      | Reached *** piety under Makhleb
  5152 | D:7      | Noticed Pikel
  5163 | D:7      | Killed Pikel
  5163 | D:7      | Reached XP level 9. HP: 75/81 MP: 8/8
  5254 | D:7      | Noticed a komodo dragon
  5268 | D:7      | HP: 1/81 [komodo dragon (27)]
  5326 | D:7      | Killed a komodo dragon
  5681 | D:7      | Noticed Menkaure
  5688 | D:7      | Killed Menkaure
  5893 | D:7      | Noticed Joseph
  5912 | D:7      | Killed Joseph
  5947 | D:7      | Reached XP level 10. HP: 74/91 MP: 9/9
  6053 | D:7      | Found Nocab's Distillery.
  6059 | D:7      | Bought a potion of curing for 36 gold pieces
  6059 | D:7      | Bought a potion of agility for 48 gold pieces
  6059 | D:7      | Bought a potion of curing for 36 gold pieces
  6059 | D:7      | Bought a potion of agility for 48 gold pieces
  6227 | D:8      | Reached **** piety under Makhleb
  6556 | D:8      | Found a staircase to the Lair.
  6588 | D:8      | Reached skill level 10 in Shields
  6593 | D:8      | Reached skill level 10 in Fighting
  6593 | D:8      | Reached skill level 10 in Armour
  6823 | D:8      | Noticed a manticore
  6830 | D:8      | Killed a manticore
  6830 | D:8      | Reached skill level 10 in Axes
  7081 | D:8      | Reached ***** piety under Makhleb
  7230 | D:8      | Found Yrhif's Distillery.
  7248 | D:8      | Bought a potion of brilliance for 40 gold pieces
  7248 | D:8      | Bought a potion of mutation for 80 gold pieces
  7248 | D:8      | Bought a potion of heal wounds for 50 gold pieces
  7248 | D:8      | Bought a potion of lignification for 30 gold pieces
  7248 | D:8      | Bought a potion of berserk rage for 50 gold pieces
  7248 | D:8      | Bought a potion of degeneration for 10 gold pieces
  7383 | D:8      | Noticed Psyche
  7390 | D:8      | Killed Psyche
  7434 | D:8      | Reached XP level 11. HP: 93/101 MP: 10/10
  7902 | D:9      | Found Zufe's Assorted Antiques.
  7917 | D:9      | Bought a faintly glowing marble ring for 125 gold pieces
  7917 | D:9      | Bought a scroll of identify for 50 gold pieces
  7917 | D:9      | Bought a scroll of identify for 50 gold pieces
  7918 | D:9      | Identified the ring "Ciacit" {rPois MP+9 Str+4} (You bought
                  | it in a shop on level 9 of the Dungeon)
  8105 | D:9      | Found a staircase to the Orcish Mines.
  8269 | D:10     | Entered Level 10 of the Dungeon
  8750 | D:10     | Noticed a death knight
  9110 | Lair:1   | Entered Level 1 of the Lair of Beasts
  9556 | Lair:1   | Found a deep blue altar of Sif Muna.
 10053 | Lair:2   | Noticed Prince Ribbit
 10065 | Lair:2   | Killed Prince Ribbit
 10421 | Lair:3   | Found a staircase to the Shoals.
 10465 | Lair:3   | Reached ****** piety under Makhleb
 10481 | Lair:3   | Reached XP level 12. HP: 112/112 MP: 11/11
 10785 | Lair:3   | Noticed an eight-headed hydra
 10787 | Lair:3   | Found a hole to the Spider Nest.
 11346 | Lair:4   | Noticed Sonja
 11593 | Lair:4   | Cast into level 1 of the Abyss (Sonja)
 11712 | Abyss:1  | Noticed a lich
 11931 | Abyss:1  | Noticed a tentacled starspawn
 11933 | Abyss:1  | Gained mutation: Your magical capacity is low. (-10% MP) [a
                  | shining eye]
 11962 | Abyss:1  | Killed a tentacled starspawn
 12352 | Abyss:1  | Killed from afar by a raiju

Vault maps used:
D:1:      dpeg_arrival_erosion
D:2:      minitemple, bloody_makhleb, chequers_serial_rivers_micro_d,
          chequers_serial_rivers_micro_a
D:3:      lemuel_round_altar, first_ration, corexii_hall_statues_s
D:4:      kennysheep_okawaru_gauntlet, minmay_temple_entry_statues_pillars,
          serial_co_window_serial, co_window_paths_a,
          co_window_of_opportunity_a, co_window_of_opportunity_a,
          co_window_corner_a, co_window_paths_a, co_window_corner_cb,
          co_window_corner_b, co_window_of_opportunity_b, co_window_broadway_b,
          uniq_edmund
D:6:      enter_ossuary_3, lemuel_another_geyser
D:7:      serial_shops, shop, uniq_joseph, uniq_menkaure, uniq_pikel
D:8:      minmay_lair_entry_grove, serial_shops, shop, uniq_psyche
D:9:      orc_0_dummy, serial_shops, nicolae_shop_behind_doors,
          minmay_misc_feat_diagonals, grunt_pizzeria
Lair:1:   basic_altar, chequers_serial_rivers_micro_a, grunt_megastairs_3
Lair:2:   lemuel_fruit_fields, uniq_prince_ribbit2
Lair:3:   shoals_dummy_entry, nicolae_spider_entry_non_spiders, uniq_snorg
Lair:4:   st_stairs_12, minmay_lindwurm_lava, uniq_sonja, uniq_nessos
Ossuary:  minmay_ossuary_gauntlet

Skill      XL: |  1  2  3  4  5  6  7  8  9 10 11 12 |
---------------+-------------------------------------+-----
Shields        | 4 5 6 8 9 10 12 | 12.8
Fighting       | 4 5 6 8 9 10 12 | 12.8
Armour         | 4 5 6 8 9 10 12 | 12.8
Axes           | 3 4 5 6 7 9 10 11 12 | 12.6

Action                   |  1- 3 |  4- 6 |  7- 9 | 10-12 || total
-------------------------+-------+-------+-------+-------++-------
Melee: War axe           |    91 |   149 |   301 |   529 ||  1070
       Headbutt          |     8 |    33 |    65 |   125 ||   231
       Unarmed           |       |       |    20 |       ||    20
  Use: Scroll            |       |       |     9 |     8 ||    17
       Potion            |       |       |     2 |     5 ||     7
 Stab: Distracted        |       |       |       |     1 ||     1
  Eat: Chunk             |     3 |     4 |     6 |    21 ||    34
       Ration            |       |       |     1 |     1 ||     2
Armor: Scale mail        |    47 |    38 |       |       ||    85
       Crystal plate arm |       |    46 |    45 |       ||    91
       Ring mail         |       |       |    86 |   193 ||   279
       Skin              |       |       |     1 |       ||     1
Dodge: Dodged            |    30 |    21 |    76 |   193 ||   320
Block: Shield            |    49 |    78 |   163 |   346 ||   636

Table legend:
 A = Non-vault XP
 B = Vault XP
 C = Vault XP percentage of total XP
 D = Non-vault monster count
 E = Vault monster count
 F = Vault count percentage of total count
                 A         B        C        D         E       F
            +---------+---------+-------+---------+---------+-------
      Total |   24986 |    5580 |  18.3 |     333 |      45 |  11.9
            +---------+---------+-------+---------+---------+-------
        D:1 |      38 |       0 |   0.0 |      22 |       0 |   0.0
        D:2 |      58 |       0 |   0.0 |      24 |       0 |   0.0
        D:3 |     224 |       0 |   0.0 |      31 |       0 |   0.0
        D:4 |     349 |     154 |  30.6 |      14 |       1 |   6.7
        D:5 |     272 |       0 |   0.0 |      16 |       0 |   0.0
        D:6 |    1196 |       0 |   0.0 |      34 |       0 |   0.0
        D:7 |    2351 |    1583 |  40.2 |      36 |       6 |  14.3
        D:8 |    2669 |    1939 |  42.1 |      45 |      11 |  19.6
        D:9 |    2369 |     137 |   5.5 |      27 |       1 |   3.6
       D:10 |    1304 |       0 |   0.0 |      29 |       0 |   0.0
     Lair:1 |    2188 |     382 |  14.9 |      10 |       1 |   9.1
     Lair:2 |    2996 |    1069 |  26.3 |      16 |       4 |  20.0
     Lair:3 |    2787 |     118 |   4.1 |      11 |       5 |  31.2
     Lair:4 |    1481 |       0 |   0.0 |       6 |       0 |   0.0
    Abyss:1 |    4704 |       0 |   0.0 |      12 |       0 |   0.0
    Ossuary |       0 |     198 | 100.0 |       0 |      16 | 100.0
            +---------+---------+-------+---------+---------+-------
